[ AOE2 MATCH · #459547472 ]
UnrankedVikings vs Portuguese
[ REPLAY ANALYSIS · EXTRACTED FROM THE RECORDED GAME ]
Feudal
12:38
Castle
21:38
Imperial
37:01
| APM avg | 26.4 |
| APM peak | 73 |
| eAPM avg | 14.1 |
| Villagers / military | 81 / 134 |
Focus
⚔️ 27.3% · 🌾 72.7%
Longboat ×101 · Berserk ×30 · Fishing Ship ×15 · Trebuchet (Packed) ×3
Feudal
11:32
Castle
24:16
Imperial
—
| APM avg | 13.3 |
| APM peak | 84 |
| eAPM avg | 5.3 |
| Villagers / military | 40 / 32 |
Focus
⚔️ 25.5% · 🌾 74.5%
Battle Elephant ×21 · Fishing Ship ×15 · Militia ×5 · Demolition Raft ×4 · Monk ×1 · Transport Ship ×1
Feudal
13:01
Castle
21:30
Imperial
31:57
| APM avg | 25.8 |
| APM peak | 70 |
| eAPM avg | 16.5 |
| Villagers / military | 89 / 217 |
Focus
⚔️ 39.7% · 🌾 60.3%
Knight ×79 · Galley ×76 · Bombard Cannon ×48 · Unknown (2626) ×15 · Fishing Ship ×12 · Transport Ship ×12
Feudal
12:24
Castle
22:13
Imperial
27:30
| APM avg | 29.0 |
| APM peak | 92 |
| eAPM avg | 12.1 |
| Villagers / military | 116 / 115 |
Focus
⚔️ 29.3% · 🌾 70.7%
Archer ×80 · Spearman ×19 · Battering Ram ×11 · Monk ×3 · Fishing Ship ×3 · Transport Ship ×2
Feudal
13:49
Castle
20:37
Imperial
40:48
| APM avg | 14.8 |
| APM peak | 38 |
| eAPM avg | 8.6 |
| Villagers / military | 65 / 87 |
Focus
⚔️ 35.8% · 🌾 64.2%
Cannon Galleon ×56 · Knight ×30 · Fishing Ship ×10 · Fire Galley ×1
Feudal
14:13
Castle
21:35
Imperial
40:13
| APM avg | 11.4 |
| APM peak | 43 |
| eAPM avg | 7.8 |
| Villagers / military | 65 / 236 |
Focus
⚔️ 38.8% · 🌾 61.2%
Karambit Warrior ×105 · Galley ×66 · Spearman ×30 · Trebuchet (Packed) ×19 · Fishing Ship ×11 · Archer ×6
Feudal
—
Castle
—
Imperial
—
| APM avg | 168.8 |
| APM peak | 2173 |
| eAPM avg | 166.8 |
| Villagers / military | 91 / 124 |
Focus
⚔️ 8.4% · 🌾 91.6%
Cataphract ×108 · Fishing Ship ×54 · Fire Galley ×12 · Trebuchet (Packed) ×4 · Trade Cog ×2
Feudal
11:53
Castle
19:20
Imperial
43:45
| APM avg | 23.5 |
| APM peak | 60 |
| eAPM avg | 14.3 |
| Villagers / military | 107 / 227 |
Focus
⚔️ 45.0% · 🌾 55.0%
Spearman ×57 · Skirmisher ×47 · Cataphract ×41 · Camel Scout ×38 · Fire Galley ×14 · Fishing Ship ×14
Match map
Initial resources + every placement click. Lines = walls · curves = elevation contours. ◆ gold · ⬟ stone · ● berries · ✦ relic · ◌ wall gap
Your base· ✓ Map-separated
danny dillinger's base· ✓ Map-separated
BJL's base· ✓ Map-separated
ManuxD's base· ✓ Map-separated
airmattj's base· ✓ Map-separated
Bromenelli's base· ✓ Map-separated
DogzBallzRStar's base· ✓ Map-separated
Zrrrg's base· ✓ Map-separated
Smoothed initial terrain · ◌ = detected wall gap · hover for details
Inputs per minute
— Op♣ - - danny dillinger
Build order — Op♣
First 150 of 351 actions detected
| 0:03 | Build | House |
| 0:05 | Build | House |
| 0:06 | Create | Villager (Male) |
| 0:06 | Create | Villager (Male) |
| 0:07 | Create | Villager (Male) |
| 0:07 | Create | Villager (Male) |
| 1:50 | Build | Lumber Camp |
| 1:52 | Create | Villager (Male) |
| 1:52 | Create | Villager (Male) |
| 2:36 | Create | Villager (Male) |
| 2:36 | Create | Villager (Male) |
| 3:22 | Create | Villager (Male) |
| 3:22 | Create | Villager (Male) |
| 3:55 | Create | Villager (Male) |
| 3:56 | Create | Villager (Male) |
| 3:56 | Create | Villager (Male) |
| 4:18 | Build | House |
| 4:47 | Create | Villager (Male) |
| 5:10 | Build | Mill |
| 5:16 | Create | Villager (Male) |
| 5:52 | Create | Villager (Male) |
| 6:08 | Build | House |
| 6:53 | Create | Villager (Male) |
| 6:53 | Create | Villager (Male) |
| 6:53 | Create | Villager (Male) |
| 6:54 | Create | Villager (Male) |
| 7:09 | Research | Loom |
| 7:32 | Build | Dock |
| 8:04 | Create | Villager (Male) |
| 8:16 | Create | Fishing Ship |
| 8:17 | Create | Fishing Ship |
| 8:17 | Create | Fishing Ship |
| 8:22 | Build | Dock |
| 9:06 | Build | Dock |
| 9:17 | Create | Fishing Ship |
| 9:22 | Create | Fishing Ship |
| 9:28 | Create | Villager (Male) |
| 9:29 | Create | Villager (Male) |
| 9:57 | Build | Lumber Camp |
| 10:25 | Create | Fishing Ship |
| 10:28 | Research | Feudal Age |
| 10:56 | Create | Fishing Ship |
| 11:20 | Build | Mining Camp |
| 12:30 | Build | House |
| 12:38 | Age | Feudal Age |
| 12:43 | Create | Fishing Ship |
| 12:44 | Create | Fishing Ship |
| 13:03 | Create | Villager (Male) |
| 13:03 | Create | Villager (Male) |
| 13:05 | Create | Villager (Male) |
| 13:16 | Research | Double-Bit Axe |
| 13:19 | Research | Horse Collar |
| 13:27 | Create | Fishing Ship |
| 13:28 | Create | Fishing Ship |
| 13:35 | Build | Market |
| 13:38 | Create | Villager (Male) |
| 13:45 | Research | Gold Mining |
| 13:45 | Research | Stone Mining |
| 14:00 | Build | Blacksmith |
| 14:02 | Create | Villager (Male) |
| 14:30 | Build | Barracks |
| 14:59 | Build | Farm |
| 15:07 | Create | Villager (Male) |
| 15:13 | Build | House |
| 15:19 | Research | Town Watch |
| 15:29 | Build | Farm |
| 15:33 | Build | Farm |
| 15:39 | Create | Villager (Male) |
| 15:56 | Build | House |
| 16:00 | Create | Villager (Male) |
| 16:17 | Build | Farm |
| 16:19 | Create | Villager (Male) |
| 16:39 | Build | Farm |
| 16:44 | Build | House |
| 16:47 | Build | Palisade Wall |
| 16:58 | Create | Villager (Male) |
| 17:13 | Build | Stone Wall |
| 17:20 | Build | Gate |
| 17:36 | Build | House |
| 17:41 | Build | Stone Wall |
| 17:43 | Create | Villager (Male) |
| 17:44 | Create | Villager (Male) |
| 17:44 | Create | Villager (Male) |
| 17:44 | Create | Villager (Male) |
| 17:47 | Build | Farm |
| 18:03 | Research | Castle Age |
| 18:13 | Build | Mining Camp |
| 18:24 | Build | House |
| 18:33 | Build | Stone Wall |
| 19:03 | Build | House |
| 19:05 | Build | House |
| 19:12 | Build | House |
| 19:14 | Build | House |
| 19:15 | Build | House |
| 19:24 | Build | House |
| 19:35 | Build | Dock |
| 19:51 | Build | Dock |
| 19:55 | Build | Dock |
| 19:59 | Build | Dock |
| 20:07 | Build | Dock |
| 21:04 | Research | Fletching |
| 21:04 | Research | Padded Archer Armor |
| 21:24 | Build | Farm |
| 21:31 | Build | Dock |
| 21:38 | Age | Castle Age |
| 21:46 | Create | Longboat |
| 21:46 | Create | Longboat |
| 21:46 | Create | Longboat |
| 21:47 | Create | Longboat |
| 21:47 | Create | Longboat |
| 21:47 | Create | Longboat |
| 21:48 | Create | Longboat |
| 21:48 | Create | Longboat |
| 21:48 | Create | Longboat |
| 21:48 | Create | Longboat |
| 22:00 | Create | Villager (Male) |
| 22:01 | Create | Villager (Male) |
| 22:01 | Create | Villager (Male) |
| 22:01 | Create | Villager (Male) |
| 22:17 | Create | Longboat |
| 22:17 | Create | Longboat |
| 22:18 | Create | Longboat |
| 22:18 | Create | Longboat |
| 22:44 | Research | Bodkin Arrow |
| 22:51 | Research | Bow Saw |
| 23:14 | Build | University |
| 23:26 | Create | Longboat |
| 23:26 | Create | Longboat |
| 23:33 | Create | Villager (Male) |
| 23:33 | Create | Villager (Male) |
| 23:33 | Create | Villager (Male) |
| 23:56 | Research | Leather Archer Armor |
| 24:36 | Create | Villager (Male) |
| 24:37 | Create | Villager (Male) |
| 24:37 | Create | Villager (Male) |
| 24:37 | Create | Villager (Male) |
| 24:52 | Create | Villager (Male) |
| 24:52 | Create | Villager (Male) |
| 25:00 | Research | Ballistics |
| 25:09 | Build | Town Center |
| 25:50 | Create | Longboat |
| 25:50 | Create | Longboat |
| 25:50 | Create | Longboat |
| 25:51 | Create | Longboat |
| 26:05 | Build | Castle |
| 26:10 | Create | Villager (Male) |
| 26:11 | Create | Villager (Male) |
| 26:11 | Create | Villager (Male) |
| 26:12 | Create | Villager (Male) |
| 26:13 | Create | Villager (Male) |
Build order — danny dillinger
149 actions detected in the replay
| 0:05 | Build | House |
| 0:06 | Build | House |
| 0:07 | Create | Villager (Male) |
| 0:07 | Create | Villager (Male) |
| 0:07 | Create | Villager (Male) |
| 0:19 | Create | Villager (Male) |
| 0:20 | Create | Villager (Male) |
| 1:41 | Create | Villager (Male) |
| 2:19 | Create | Villager (Male) |
| 2:19 | Create | Villager (Male) |
| 2:25 | Research | Loom |
| 2:49 | Create | Villager (Male) |
| 3:45 | Create | Villager (Male) |
| 3:47 | Create | Villager (Male) |
| 4:25 | Create | Villager (Male) |
| 4:48 | Build | House |
| 4:49 | Build | House |
| 5:05 | Create | Villager (Male) |
| 5:06 | Create | Villager (Male) |
| 5:32 | Create | Villager (Male) |
| 6:05 | Create | Villager (Male) |
| 6:50 | Build | Dock |
| 6:58 | Create | Villager (Male) |
| 7:05 | Build | Mill |
| 7:37 | Build | Mill |
| 7:46 | Create | Villager (Male) |
| 8:24 | Create | Villager (Male) |
| 8:53 | Build | Mining Camp |
| 8:56 | Create | Villager (Male) |
| 9:17 | Build | Lumber Camp |
| 9:22 | Research | Feudal Age |
| 10:28 | Create | Villager (Male) |
| 10:52 | Create | Villager (Male) |
| 11:05 | Build | House |
| 11:06 | Build | House |
| 11:14 | Create | Fishing Ship |
| 11:19 | Create | Fishing Ship |
| 11:32 | Age | Feudal Age |
| 11:36 | Create | Transport Ship |
| 11:50 | Research | Double-Bit Axe |
| 12:04 | Create | Villager (Male) |
| 12:05 | Create | Villager (Male) |
| 12:45 | Create | Demolition Raft |
| 12:47 | Create | Demolition Raft |
| 13:10 | Create | Fishing Ship |
| 13:34 | Create | Villager (Male) |
| 13:56 | Create | Villager (Male) |
| 14:11 | Build | Blacksmith |
| 14:18 | Build | House |
| 14:20 | Build | House |
| 14:35 | Build | Market |
| 14:53 | Build | Barracks |
| 14:58 | Research | Town Watch |
| 14:59 | Create | Villager (Male) |
| 15:00 | Create | Villager (Male) |
| 15:15 | Build | Mining Camp |
| 15:25 | Create | Villager (Male) |
| 15:26 | Create | Villager (Male) |
| 15:39 | Build | Barracks |
| 15:46 | Research | Man-at-Arms (upgrade) |
| 15:55 | Build | Dock |
| 16:02 | Create | Villager (Male) |
| 16:02 | Create | Villager (Male) |
| 16:10 | Research | Horse Collar |
| 16:41 | Create | Villager (Male) |
| 16:50 | Create | Militia |
| 16:51 | Create | Militia |
| 16:52 | Create | Militia |
| 16:52 | Create | Militia |
| 17:07 | Research | Arson |
| 17:13 | Build | House |
| 17:54 | Create | Militia |
| 17:59 | Build | Mining Camp |
| 18:03 | Build | House |
| 18:05 | Build | House |
| 18:15 | Create | Demolition Raft |
| 18:16 | Create | Demolition Raft |
| 18:21 | Create | Villager (Male) |
| 18:22 | Create | Villager (Male) |
| 19:53 | Build | Farm |
| 19:54 | Build | Farm |
| 19:56 | Build | Farm |
| 19:57 | Build | Farm |
| 19:58 | Build | Farm |
| 19:59 | Build | Farm |
| 20:35 | Create | Villager (Male) |
| 20:53 | Create | Fishing Ship |
| 20:53 | Create | Fishing Ship |
| 21:33 | Build | Farm |
| 21:36 | Research | Castle Age |
| 21:57 | Build | Stable |
| 22:27 | Create | Fishing Ship |
| 22:29 | Create | Fishing Ship |
| 22:36 | Create | Fishing Ship |
| 22:37 | Create | Fishing Ship |
| 22:45 | Create | Villager (Male) |
| 22:45 | Create | Villager (Male) |
| 23:07 | Build | Stable |
| 23:10 | Build | Stable |
| 23:12 | Build | Stable |
| 23:29 | Research | Gold Mining |
| 24:08 | Research | Scale Barding Armor |
| 24:09 | Research | Forging |
| 24:16 | Age | Castle Age |
| 24:18 | Create | Fishing Ship |
| 24:30 | Create | Fishing Ship |
| 24:30 | Create | Fishing Ship |
| 25:10 | Build | Castle |
| 25:23 | Build | Farm |
| 25:27 | Build | Monastery |
| 25:49 | Create | Battle Elephant |
| 25:50 | Create | Battle Elephant |
| 25:50 | Create | Battle Elephant |
| 25:50 | Create | Battle Elephant |
| 25:50 | Create | Battle Elephant |
| 25:51 | Create | Battle Elephant |
| 25:55 | Build | House |
| 25:56 | Build | House |
| 25:58 | Build | House |
| 26:16 | Create | Fishing Ship |
| 26:36 | Create | Battle Elephant |
| 26:36 | Create | Battle Elephant |
| 26:37 | Create | Battle Elephant |
| 26:48 | Build | Dock |
| 26:54 | Create | Monk |
| 27:06 | Build | Watch Tower |
| 27:08 | Build | Watch Tower |
| 27:53 | Create | Battle Elephant |
| 27:54 | Create | Battle Elephant |
| 27:54 | Create | Battle Elephant |
| 27:54 | Create | Battle Elephant |
| 28:11 | Create | Villager (Male) |
| 28:13 | Create | Villager (Male) |
| 28:39 | Research | Husbandry |
| 28:46 | Create | Fishing Ship |
| 28:49 | Create | Fishing Ship |
| 29:11 | Create | Battle Elephant |
| 29:11 | Create | Battle Elephant |
| 29:32 | Build | House |
| 29:37 | Build | House |
| 29:42 | Build | Stable |
| 31:00 | Build | Dock |
| 31:17 | Create | Battle Elephant |
| 31:17 | Create | Battle Elephant |
| 31:18 | Create | Battle Elephant |
| 31:18 | Create | Battle Elephant |
| 31:18 | Create | Battle Elephant |
| 31:23 | Create | Battle Elephant |
| 32:01 | Build | Dock |
Build order — BJL
First 150 of 396 actions detected
| 0:01 | Create | Villager (Male) |
| 0:02 | Build | House |
| 0:04 | Build | House |
| 0:23 | Create | Villager (Male) |
| 0:23 | Create | Villager (Male) |
| 0:24 | Create | Villager (Male) |
| 1:37 | Create | Villager (Male) |
| 1:48 | Build | House |
| 1:49 | Build | House |
| 1:51 | Build | Lumber Camp |
| 2:01 | Create | Villager (Male) |
| 2:01 | Create | Villager (Male) |
| 2:19 | Create | Villager (Male) |
| 2:19 | Create | Villager (Male) |
| 2:52 | Create | Villager (Male) |
| 3:15 | Create | Villager (Male) |
| 3:40 | Create | Villager (Male) |
| 4:06 | Create | Villager (Male) |
| 4:07 | Create | Villager (Male) |
| 4:37 | Create | Villager (Male) |
| 4:55 | Build | Dock |
| 5:00 | Build | House |
| 5:05 | Create | Villager (Male) |
| 5:22 | Create | Villager (Male) |
| 5:23 | Create | Villager (Male) |
| 5:36 | Create | Fishing Ship |
| 6:07 | Build | Lumber Camp |
| 6:10 | Create | Villager (Male) |
| 6:34 | Create | Villager (Male) |
| 6:52 | Research | Loom |
| 7:07 | Create | Villager (Male) |
| 7:08 | Create | Villager (Male) |
| 7:11 | Create | Fishing Ship |
| 7:21 | Build | House |
| 7:27 | Create | Villager (Male) |
| 7:49 | Create | Villager (Male) |
| 7:53 | Create | Fishing Ship |
| 8:25 | Create | Fishing Ship |
| 8:32 | Build | Dock |
| 8:34 | Build | House |
| 8:53 | Build | Mill |
| 8:58 | Create | Villager (Male) |
| 9:04 | Create | Fishing Ship |
| 9:21 | Create | Fishing Ship |
| 9:26 | Create | Villager (Male) |
| 10:01 | Create | Villager (Male) |
| 10:01 | Create | Villager (Male) |
| 10:15 | Build | House |
| 10:17 | Build | Mining Camp |
| 10:27 | Create | Fishing Ship |
| 10:38 | Research | Feudal Age |
| 11:00 | Create | Fishing Ship |
| 11:23 | Create | Fishing Ship |
| 11:23 | Create | Fishing Ship |
| 11:35 | Build | Lumber Camp |
| 11:50 | Create | Fishing Ship |
| 11:50 | Create | Fishing Ship |
| 11:57 | Create | Villager (Male) |
| 12:23 | Build | House |
| 13:01 | Age | Feudal Age |
| 13:09 | Create | Galley |
| 13:10 | Create | Galley |
| 13:15 | Create | Villager (Male) |
| 13:17 | Research | Double-Bit Axe |
| 13:20 | Research | Gold Mining |
| 13:24 | Research | Horse Collar |
| 13:27 | Create | Villager (Male) |
| 13:32 | Create | Galley |
| 13:32 | Create | Galley |
| 13:47 | Build | Blacksmith |
| 13:48 | Build | House |
| 14:00 | Create | Galley |
| 14:02 | Create | Villager (Male) |
| 14:22 | Build | House |
| 14:23 | Build | House |
| 14:23 | Build | House |
| 14:28 | Create | Galley |
| 14:28 | Create | Galley |
| 14:38 | Research | Fletching |
| 14:39 | Create | Villager (Male) |
| 14:41 | Research | Wheelbarrow |
| 14:43 | Build | House |
| 14:56 | Create | Galley |
| 14:56 | Create | Galley |
| 15:07 | Create | Villager (Male) |
| 15:10 | Build | House |
| 15:15 | Create | Galley |
| 15:15 | Create | Galley |
| 15:22 | Build | Farm |
| 15:30 | Create | Galley |
| 16:16 | Create | Villager (Male) |
| 16:23 | Create | Galley |
| 16:24 | Create | Galley |
| 16:29 | Build | Farm |
| 16:29 | Build | Farm |
| 16:29 | Build | Farm |
| 16:32 | Build | Farm |
| 16:41 | Create | Galley |
| 16:41 | Create | Galley |
| 16:42 | Create | Villager (Male) |
| 17:06 | Create | Galley |
| 17:07 | Create | Galley |
| 17:14 | Create | Villager (Male) |
| 17:20 | Build | Market |
| 18:00 | Create | Villager (Male) |
| 18:01 | Create | Villager (Male) |
| 18:26 | Create | Villager (Male) |
| 18:34 | Research | Castle Age |
| 18:38 | Create | Galley |
| 18:56 | Create | Galley |
| 18:56 | Create | Galley |
| 19:29 | Build | Barracks |
| 19:42 | Create | Galley |
| 19:42 | Create | Galley |
| 20:05 | Create | Galley |
| 20:05 | Create | Villager (Male) |
| 20:25 | Create | Villager (Male) |
| 20:27 | Create | Galley |
| 20:48 | Build | House |
| 20:49 | Build | House |
| 20:51 | Build | House |
| 20:51 | Build | House |
| 20:51 | Build | House |
| 20:59 | Create | Galley |
| 20:59 | Create | Galley |
| 21:29 | Create | Villager (Male) |
| 21:30 | Age | Castle Age |
| 21:37 | Build | Town Center |
| 21:42 | Build | Town Center |
| 21:44 | Research | Bodkin Arrow |
| 21:50 | Research | War Galley (upgrade) |
| 21:57 | Create | Galley |
| 21:57 | Create | Galley |
| 22:00 | Create | Villager (Male) |
| 22:00 | Create | Villager (Male) |
| 22:03 | Research | Bow Saw |
| 22:13 | Create | Villager (Male) |
| 22:16 | Create | Galley |
| 22:16 | Create | Galley |
| 22:44 | Create | Galley |
| 22:45 | Create | Galley |
| 22:49 | Create | Villager (Male) |
| 22:56 | Create | Villager (Male) |
| 23:00 | Build | Farm |
| 23:24 | Create | Galley |
| 23:24 | Create | Galley |
| 23:25 | Create | Villager (Male) |
| 23:43 | Build | Lumber Camp |
| 23:45 | Create | Villager (Male) |
| 23:50 | Create | Villager (Male) |
Build order — ManuxD
First 150 of 397 actions detected
| 0:03 | Build | House |
| 0:05 | Build | House |
| 0:05 | Create | Villager (Male) |
| 0:05 | Create | Villager (Male) |
| 0:38 | Create | Villager (Male) |
| 1:05 | Create | Villager (Male) |
| 1:26 | Create | Villager (Male) |
| 1:57 | Create | Villager (Male) |
| 2:20 | Create | Villager (Male) |
| 2:58 | Create | Villager (Male) |
| 3:16 | Create | Villager (Male) |
| 3:32 | Build | House |
| 3:38 | Build | House |
| 3:46 | Create | Villager (Male) |
| 3:54 | Build | Mill |
| 4:15 | Create | Villager (Male) |
| 4:43 | Create | Villager (Male) |
| 4:48 | Build | Lumber Camp |
| 5:14 | Create | Villager (Male) |
| 5:29 | Create | Villager (Male) |
| 5:58 | Create | Villager (Male) |
| 6:14 | Build | House |
| 6:34 | Create | Villager (Male) |
| 6:57 | Create | Villager (Male) |
| 7:14 | Build | Lumber Camp |
| 7:27 | Create | Villager (Male) |
| 7:43 | Create | Villager (Male) |
| 7:55 | Create | Villager (Male) |
| 8:10 | Create | Villager (Male) |
| 8:23 | Build | House |
| 8:48 | Create | Villager (Male) |
| 9:05 | Build | Mining Camp |
| 9:32 | Create | Villager (Male) |
| 10:14 | Research | Feudal Age |
| 11:21 | Build | Barracks |
| 11:55 | Build | House |
| 12:24 | Age | Feudal Age |
| 12:40 | Create | Villager (Male) |
| 12:52 | Build | Market |
| 13:01 | Create | Villager (Male) |
| 13:16 | Research | Double-Bit Axe |
| 13:18 | Research | Horse Collar |
| 13:27 | Research | Gold Mining |
| 13:35 | Build | Mining Camp |
| 13:46 | Build | Farm |
| 13:51 | Build | Farm |
| 13:54 | Build | Farm |
| 13:57 | Build | Farm |
| 14:05 | Build | Blacksmith |
| 14:09 | Build | House |
| 14:19 | Build | Farm |
| 14:20 | Build | Farm |
| 14:33 | Create | Villager (Male) |
| 14:34 | Create | Villager (Male) |
| 14:53 | Build | Farm |
| 15:03 | Build | Farm |
| 15:05 | Create | Villager (Male) |
| 15:32 | Build | Palisade Wall |
| 15:37 | Build | Farm |
| 15:41 | Create | Villager (Male) |
| 15:58 | Build | House |
| 16:01 | Build | Farm |
| 16:02 | Create | Villager (Male) |
| 16:27 | Build | House |
| 16:31 | Build | Farm |
| 16:32 | Create | Villager (Male) |
| 16:55 | Build | Farm |
| 16:56 | Create | Villager (Male) |
| 17:05 | Build | House |
| 17:14 | Build | Farm |
| 17:20 | Create | Villager (Male) |
| 17:33 | Build | Farm |
| 17:41 | Build | Palisade Wall |
| 17:44 | Create | Villager (Male) |
| 18:04 | Build | Archery Range |
| 18:11 | Create | Villager (Male) |
| 18:26 | Build | Farm |
| 18:28 | Create | Villager (Male) |
| 18:30 | Create | Villager (Male) |
| 18:48 | Create | Villager (Male) |
| 19:15 | Research | Castle Age |
| 19:28 | Build | Archery Range |
| 20:48 | Build | Archery Range |
| 20:58 | Build | Lumber Camp |
| 21:53 | Build | Archery Range |
| 22:13 | Age | Castle Age |
| 22:25 | Build | Castle |
| 22:33 | Build | Town Center |
| 22:46 | Build | Monastery |
| 22:55 | Build | University |
| 22:58 | Build | Palisade Wall |
| 23:10 | Build | Archery Range |
| 23:16 | Research | Wheelbarrow |
| 23:36 | Create | Monk |
| 23:36 | Create | Monk |
| 23:40 | Create | Monk |
| 24:05 | Build | Archery Range |
| 24:20 | Research | Imperial Age |
| 24:33 | Create | Villager (Male) |
| 24:33 | Create | Villager (Male) |
| 24:33 | Create | Villager (Male) |
| 24:34 | Create | Villager (Male) |
| 24:40 | Create | Villager (Male) |
| 24:40 | Create | Villager (Male) |
| 24:43 | Create | Villager (Male) |
| 24:43 | Create | Villager (Male) |
| 25:03 | Create | Villager (Male) |
| 25:03 | Create | Villager (Male) |
| 25:05 | Create | Villager (Male) |
| 25:05 | Create | Villager (Male) |
| 25:13 | Build | Mining Camp |
| 25:28 | Build | Blacksmith |
| 25:31 | Build | House |
| 25:51 | Create | Villager (Male) |
| 25:54 | Create | Villager (Male) |
| 25:55 | Create | Villager (Male) |
| 26:01 | Research | Bow Saw |
| 26:07 | Research | Gold Shaft Mining |
| 26:48 | Create | Villager (Male) |
| 27:30 | Age | Imperial Age |
| 27:45 | Create | Villager (Male) |
| 27:48 | Research | Crossbowman (upgrade) |
| 27:53 | Research | Padded Archer Armor |
| 27:55 | Research | Fletching |
| 28:02 | Create | Villager (Male) |
| 28:21 | Build | Dock |
| 28:25 | Create | Villager (Male) |
| 28:31 | Create | Villager (Male) |
| 28:31 | Create | Villager (Male) |
| 28:32 | Create | Villager (Male) |
| 29:11 | Create | Transport Ship |
| 29:12 | Create | Transport Ship |
| 29:31 | Research | Tech 906 |
| 29:32 | Create | Fishing Ship |
| 29:32 | Create | Fishing Ship |
| 29:33 | Create | Fishing Ship |
| 29:45 | Create | Villager (Male) |
| 29:45 | Create | Villager (Male) |
| 29:46 | Create | Villager (Male) |
| 29:47 | Create | Villager (Male) |
| 30:38 | Create | Villager (Male) |
| 30:38 | Create | Villager (Male) |
| 30:51 | Build | Farm |
| 30:54 | Build | Farm |
| 30:55 | Build | Farm |
| 31:02 | Create | Villager (Male) |
| 31:05 | Create | Villager (Male) |
| 31:07 | Create | Villager (Male) |
| 31:16 | Research | Leather Archer Armor |
| 31:20 | Research | Ballistics |
Build order — airmattj
First 150 of 273 actions detected
| 0:02 | Create | Villager (Male) |
| 0:03 | Create | Villager (Male) |
| 0:03 | Create | Villager (Male) |
| 0:03 | Create | Villager (Male) |
| 0:03 | Create | Villager (Male) |
| 0:09 | Build | House |
| 0:11 | Build | House |
| 1:41 | Create | Villager (Male) |
| 1:41 | Create | Villager (Male) |
| 2:27 | Create | Villager (Male) |
| 2:27 | Create | Villager (Male) |
| 2:48 | Build | Lumber Camp |
| 3:03 | Create | Villager (Male) |
| 3:04 | Create | Villager (Male) |
| 3:04 | Create | Villager (Male) |
| 3:04 | Create | Villager (Male) |
| 4:04 | Create | Villager (Male) |
| 4:04 | Create | Villager (Male) |
| 4:23 | Build | House |
| 5:12 | Create | Villager (Male) |
| 5:12 | Create | Villager (Male) |
| 5:13 | Create | Villager (Male) |
| 5:13 | Create | Villager (Male) |
| 5:38 | Create | Villager (Male) |
| 5:38 | Create | Villager (Male) |
| 6:31 | Build | Mill |
| 6:48 | Create | Villager (Male) |
| 6:57 | Build | House |
| 7:28 | Build | Dock |
| 7:50 | Create | Villager (Male) |
| 7:51 | Create | Villager (Male) |
| 7:51 | Create | Villager (Male) |
| 7:51 | Create | Villager (Male) |
| 8:13 | Create | Fishing Ship |
| 9:01 | Create | Fishing Ship |
| 9:09 | Build | House |
| 9:23 | Create | Fishing Ship |
| 9:37 | Build | Mining Camp |
| 10:56 | Create | Fishing Ship |
| 11:08 | Create | Fishing Ship |
| 11:17 | Build | House |
| 11:39 | Research | Feudal Age |
| 11:43 | Research | Loom |
| 11:56 | Build | Mining Camp |
| 12:00 | Create | Fishing Ship |
| 13:17 | Create | Fishing Ship |
| 13:49 | Age | Feudal Age |
| 13:53 | Create | Villager (Male) |
| 13:54 | Create | Villager (Male) |
| 13:54 | Create | Villager (Male) |
| 14:00 | Research | Double-Bit Axe |
| 14:12 | Create | Villager (Male) |
| 14:12 | Create | Villager (Male) |
| 14:29 | Build | Blacksmith |
| 14:42 | Build | House |
| 14:43 | Build | House |
| 15:19 | Create | Villager (Male) |
| 15:22 | Create | Villager (Male) |
| 15:30 | Create | Villager (Male) |
| 15:48 | Build | Lumber Camp |
| 16:24 | Build | Market |
| 17:25 | Build | Dock |
| 17:46 | Build | Barracks |
| 17:57 | Research | Castle Age |
| 18:21 | Build | Stone Wall |
| 18:30 | Build | Stone Wall |
| 18:38 | Build | Stone Wall |
| 18:45 | Build | Stone Wall |
| 18:54 | Build | Stone Wall |
| 19:01 | Build | Stone Wall |
| 19:08 | Build | Stone Wall |
| 19:22 | Build | Mining Camp |
| 19:29 | Build | Archery Range |
| 19:30 | Build | Archery Range |
| 19:45 | Build | Stable |
| 20:04 | Build | Gate |
| 20:21 | Build | Gate |
| 20:37 | Age | Castle Age |
| 20:44 | Build | Lumber Camp |
| 20:47 | Create | Villager (Male) |
| 20:47 | Create | Villager (Male) |
| 21:10 | Build | Mining Camp |
| 21:35 | Build | Farm |
| 21:42 | Build | Stable |
| 21:51 | Build | Farm |
| 21:55 | Build | Farm |
| 22:16 | Create | Villager (Male) |
| 22:16 | Create | Villager (Male) |
| 22:26 | Research | Husbandry |
| 22:32 | Create | Knight |
| 22:32 | Create | Knight |
| 22:32 | Create | Knight |
| 22:32 | Create | Knight |
| 22:33 | Create | Knight |
| 22:33 | Create | Knight |
| 22:34 | Create | Knight |
| 22:34 | Create | Knight |
| 22:34 | Create | Knight |
| 22:34 | Create | Knight |
| 22:41 | Build | House |
| 22:43 | Build | House |
| 22:59 | Research | Forging |
| 23:11 | Research | Tech 906 |
| 23:20 | Build | House |
| 23:26 | Create | Fishing Ship |
| 23:52 | Create | Knight |
| 23:53 | Create | Knight |
| 23:53 | Create | Knight |
| 23:53 | Create | Knight |
| 24:35 | Research | Bow Saw |
| 24:40 | Create | Villager (Male) |
| 25:06 | Build | Town Center |
| 25:23 | Create | Fishing Ship |
| 25:23 | Create | Fishing Ship |
| 25:28 | Create | Villager (Male) |
| 25:29 | Create | Villager (Male) |
| 25:29 | Create | Villager (Male) |
| 25:40 | Build | House |
| 25:41 | Build | House |
| 26:10 | Create | Villager (Male) |
| 26:10 | Create | Villager (Male) |
| 26:11 | Create | Villager (Male) |
| 26:58 | Research | Iron Casting |
| 27:59 | Create | Knight |
| 28:00 | Create | Knight |
| 28:00 | Create | Knight |
| 28:00 | Create | Knight |
| 28:22 | Build | House |
| 28:23 | Build | House |
| 28:25 | Build | House |
| 28:26 | Build | House |
| 29:16 | Research | Wheelbarrow |
| 29:17 | Create | Villager (Male) |
| 29:30 | Build | Barracks |
| 29:32 | Build | Barracks |
| 29:34 | Build | Barracks |
| 29:55 | Research | Gillnets |
| 30:16 | Build | University |
| 30:30 | Build | Mining Camp |
| 30:54 | Build | Fish Trap |
| 30:55 | Build | Fish Trap |
| 30:56 | Build | Fish Trap |
| 30:57 | Build | Fish Trap |
| 30:58 | Build | Fish Trap |
| 30:59 | Build | Fish Trap |
| 31:00 | Build | Fish Trap |
| 31:01 | Build | Fish Trap |
| 31:02 | Build | Fish Trap |
| 31:30 | Create | Villager (Male) |
| 31:30 | Create | Villager (Male) |
Build order — Bromenelli
First 150 of 274 actions detected
| 0:01 | Create | Villager (Male) |
| 0:01 | Create | Villager (Male) |
| 0:02 | Create | Villager (Male) |
| 0:02 | Create | Villager (Male) |
| 0:04 | Build | House |
| 0:06 | Build | House |
| 1:49 | Build | Lumber Camp |
| 1:54 | Create | Villager (Male) |
| 1:54 | Create | Villager (Male) |
| 2:24 | Create | Villager (Male) |
| 2:25 | Create | Villager (Male) |
| 2:41 | Create | Villager (Male) |
| 2:41 | Create | Villager (Male) |
| 3:09 | Create | Villager (Male) |
| 3:09 | Create | Villager (Male) |
| 3:26 | Create | Villager (Male) |
| 3:46 | Build | House |
| 4:06 | Build | Mill |
| 4:44 | Create | Villager (Male) |
| 4:45 | Create | Villager (Male) |
| 4:45 | Create | Villager (Male) |
| 4:45 | Create | Villager (Male) |
| 5:41 | Create | Villager (Male) |
| 5:41 | Create | Villager (Male) |
| 6:21 | Create | Villager (Male) |
| 6:57 | Create | Villager (Male) |
| 6:58 | Create | Villager (Male) |
| 6:58 | Create | Villager (Male) |
| 7:54 | Build | Dock |
| 8:07 | Build | House |
| 8:32 | Create | Villager (Male) |
| 8:32 | Create | Villager (Male) |
| 8:53 | Build | Mill |
| 9:05 | Build | House |
| 9:12 | Build | Barracks |
| 10:00 | Create | Villager (Male) |
| 10:01 | Create | Villager (Male) |
| 10:01 | Create | Villager (Male) |
| 10:01 | Create | Villager (Male) |
| 10:01 | Create | Villager (Male) |
| 10:02 | Create | Villager (Male) |
| 10:02 | Create | Villager (Male) |
| 10:12 | Build | House |
| 10:14 | Build | House |
| 10:18 | Build | House |
| 10:29 | Create | Fishing Ship |
| 10:29 | Create | Fishing Ship |
| 11:55 | Create | Fishing Ship |
| 11:55 | Create | Fishing Ship |
| 11:56 | Create | Fishing Ship |
| 12:10 | Build | Dock |
| 12:25 | Research | Feudal Age |
| 12:26 | Create | Villager (Male) |
| 13:11 | Build | Lumber Camp |
| 13:32 | Build | Mining Camp |
| 13:43 | Create | Fishing Ship |
| 13:44 | Create | Fishing Ship |
| 14:08 | Create | Villager (Male) |
| 14:09 | Create | Villager (Male) |
| 14:09 | Create | Villager (Male) |
| 14:09 | Create | Villager (Male) |
| 14:11 | Create | Villager (Male) |
| 14:13 | Age | Feudal Age |
| 14:15 | Research | Double-Bit Axe |
| 14:40 | Build | Blacksmith |
| 15:20 | Create | Villager (Male) |
| 15:20 | Create | Villager (Male) |
| 15:31 | Build | Dock |
| 15:39 | Research | Tech 906 |
| 15:59 | Build | Archery Range |
| 16:11 | Create | Fishing Ship |
| 16:11 | Create | Fishing Ship |
| 16:30 | Build | House |
| 16:35 | Build | House |
| 16:37 | Build | House |
| 16:55 | Build | House |
| 16:59 | Build | Mining Camp |
| 17:13 | Create | Galley |
| 17:14 | Create | Galley |
| 17:33 | Build | Lumber Camp |
| 17:51 | Create | Archer |
| 17:51 | Create | Archer |
| 17:51 | Create | Archer |
| 17:52 | Create | Archer |
| 17:52 | Create | Archer |
| 17:58 | Create | Archer |
| 18:09 | Build | Palisade Wall |
| 18:23 | Build | Palisade Wall |
| 18:23 | Build | Palisade Wall |
| 18:57 | Create | Villager (Male) |
| 19:15 | Create | Fishing Ship |
| 19:16 | Create | Fishing Ship |
| 19:51 | Build | Market |
| 19:59 | Research | Castle Age |
| 20:11 | Create | Fire Galley |
| 20:11 | Create | Fire Galley |
| 20:15 | Create | Galley |
| 20:44 | Research | Fletching |
| 20:56 | Build | House |
| 20:57 | Build | House |
| 21:00 | Build | House |
| 21:35 | Age | Castle Age |
| 21:39 | Research | War Galley (upgrade) |
| 21:41 | Create | Galley |
| 21:41 | Create | Galley |
| 22:01 | Build | Town Center |
| 22:16 | Build | Monastery |
| 22:21 | Build | University |
| 22:25 | Research | Bow Saw |
| 22:50 | Create | Galley |
| 22:50 | Create | Galley |
| 22:50 | Create | Galley |
| 23:22 | Build | Dock |
| 23:29 | Create | Monk |
| 23:34 | Research | Gold Mining |
| 23:34 | Research | Stone Mining |
| 23:50 | Research | Thumb Ring |
| 24:15 | Build | Town Center |
| 24:42 | Build | Farm |
| 24:43 | Build | Farm |
| 24:43 | Build | Farm |
| 24:43 | Build | Farm |
| 24:53 | Build | Farm |
| 25:10 | Build | Farm |
| 25:11 | Build | Farm |
| 25:13 | Build | Farm |
| 25:14 | Build | Farm |
| 25:15 | Build | Farm |
| 25:16 | Build | Farm |
| 25:21 | Create | Villager (Male) |
| 25:22 | Create | Villager (Male) |
| 25:22 | Create | Villager (Male) |
| 25:22 | Create | Villager (Male) |
| 25:23 | Create | Villager (Male) |
| 25:23 | Create | Villager (Male) |
| 25:33 | Create | Villager (Male) |
| 25:33 | Create | Villager (Male) |
| 25:44 | Build | Lumber Camp |
| 25:52 | Create | Galley |
| 25:52 | Create | Galley |
| 26:08 | Create | Galley |
| 26:09 | Create | Galley |
| 26:13 | Create | Galley |
| 26:13 | Create | Galley |
| 26:24 | Create | Villager (Male) |
| 26:25 | Create | Villager (Male) |
| 26:25 | Create | Villager (Male) |
| 26:25 | Create | Villager (Male) |
| 26:26 | Create | Villager (Male) |
| 27:38 | Build | Barracks |
Build order — DogzBallzRStar
First 150 of 503 actions detected
| 0:05 | Build | House |
| 0:08 | Build | House |
| 0:10 | Create | Villager (Male) ×4 |
| 0:10 | Create | Villager (Male) |
| 2:12 | Create | Villager (Male) |
| 2:12 | Create | Villager (Male) |
| 2:31 | Create | Villager (Male) |
| 2:32 | Create | Villager (Male) |
| 2:58 | Create | Villager (Male) |
| 2:58 | Create | Villager (Male) |
| 3:27 | Create | Villager (Male) |
| 3:27 | Create | Villager (Male) |
| 3:46 | Create | Villager (Male) |
| 3:51 | Build | House |
| 4:46 | Create | Villager (Male) |
| 4:46 | Create | Villager (Male) |
| 5:12 | Create | Villager (Male) |
| 5:13 | Create | Villager (Male) |
| 5:13 | Create | Villager (Male) |
| 5:14 | Create | Villager (Male) |
| 5:48 | Create | Villager (Male) |
| 5:49 | Create | Villager (Male) |
| 6:13 | Create | Villager (Male) |
| 6:18 | Create | Villager (Male) |
| 6:18 | Create | Villager (Male) |
| 6:32 | Build | Lumber Camp |
| 7:41 | Create | Villager (Male) |
| 7:49 | Build | House |
| 8:00 | Build | Mill |
| 8:10 | Research | Loom |
| 8:11 | Create | Villager (Male) |
| 8:36 | Build | Mill |
| 9:28 | Build | Mining Camp |
| 9:47 | Build | Mining Camp |
| 10:07 | Create | Villager (Male) |
| 10:30 | Research | Feudal Age |
| 11:13 | Build | Dock |
| 11:43 | Build | House |
| 11:48 | Build | House |
| 11:57 | Build | House |
| 12:09 | Build | House |
| 12:26 | Create | Fishing Ship |
| 12:47 | Create | Villager (Male) |
| 12:47 | Create | Villager (Male) |
| 12:48 | Create | Villager (Male) |
| 13:18 | Research | Double-Bit Axe |
| 13:36 | Build | House |
| 13:46 | Build | House |
| 13:57 | Create | Villager (Male) |
| 14:15 | Research | Wheelbarrow |
| 14:45 | Build | Palisade Gate |
| 14:49 | Create | Villager (Male) |
| 15:15 | Research | Horse Collar |
| 16:22 | Build | Barracks |
| 16:31 | Create | Fishing Ship |
| 17:03 | Create | Fishing Ship |
| 17:58 | Build | Archery Range |
| 18:17 | Build | Blacksmith |
| 18:25 | Create | Fishing Ship |
| 18:25 | Create | Fishing Ship |
| 18:28 | Research | Tech 906 |
| 18:35 | Create | Fishing Ship |
| 18:35 | Create | Fishing Ship |
| 18:59 | Create | Fishing Ship |
| 18:59 | Create | Fishing Ship |
| 19:15 | Build | Palisade Gate |
| 19:32 | Research | Castle Age |
| 19:36 | Create | Fishing Ship ×3 |
| 19:36 | Create | Fishing Ship |
| 20:05 | Build | Farm |
| 20:08 | Build | Farm |
| 20:09 | Build | Farm |
| 20:11 | Build | Farm |
| 20:24 | Create | Fishing Ship |
| 20:24 | Create | Fishing Ship |
| 21:07 | Research | Gold Mining |
| 21:18 | Research | Stone Mining |
| 21:49 | Build | Stable |
| 22:24 | Research | War Galley (upgrade) |
| 22:27 | Create | Fire Galley |
| 22:27 | Create | Fire Galley |
| 22:35 | Create | Villager (Male) |
| 22:36 | Create | Villager (Male) |
| 22:36 | Create | Villager (Male) |
| 23:03 | Build | Town Center |
| 23:24 | Build | House |
| 23:42 | Build | Town Center |
| 23:52 | Create | Fishing Ship ×3 |
| 23:52 | Create | Fishing Ship |
| 23:54 | Create | Trade Cog |
| 23:55 | Create | Trade Cog |
| 24:01 | Create | Fire Galley |
| 24:01 | Create | Fire Galley |
| 24:17 | Research | Hand Cart |
| 24:37 | Create | Villager (Male) |
| 24:42 | Create | Villager (Male) ×2 |
| 24:42 | Create | Villager (Male) |
| 24:50 | Create | Fire Galley |
| 24:50 | Create | Fire Galley |
| 25:19 | Build | Palisade Gate |
| 26:07 | Create | Villager (Male) ×3 |
| 26:08 | Create | Villager (Male) |
| 26:38 | Create | Villager (Male) |
| 26:38 | Create | Villager (Male) |
| 26:50 | Build | Town Center |
| 27:04 | Build | Dock |
| 27:10 | Build | Dock |
| 27:12 | Build | Dock |
| 28:01 | Create | Villager (Male) ×3 |
| 28:02 | Create | Villager (Male) |
| 28:16 | Build | Siege Workshop |
| 28:24 | Build | House |
| 28:30 | Build | House |
| 28:32 | Build | House |
| 28:33 | Build | House |
| 28:40 | Build | House |
| 28:48 | Build | Palisade Gate |
| 29:17 | Create | Villager (Male) |
| 29:17 | Create | Villager (Male) |
| 29:29 | Create | Fishing Ship ×10 |
| 29:29 | Create | Fishing Ship |
| 29:31 | Create | Fishing Ship ×10 |
| 29:32 | Create | Fishing Ship |
| 29:36 | Create | Fire Galley ×5 |
| 29:36 | Create | Fire Galley |
| 29:44 | Create | Villager (Male) |
| 29:55 | Create | Fishing Ship ×12 |
| 29:55 | Create | Fishing Ship |
| 30:23 | Build | Mill |
| 31:16 | Build | Market |
| 31:21 | Build | House |
| 31:38 | Create | Villager (Male) ×6 |
| 31:38 | Create | Villager (Male) |
| 31:52 | Create | Villager (Male) |
| 31:52 | Create | Villager (Male) |
| 32:32 | Create | Villager (Male) ×8 |
| 33:16 | Create | Villager (Male) ×7 |
| 33:16 | Create | Villager (Male) |
| 33:55 | Build | Castle |
| 34:01 | Create | Villager (Male) ×7 |
| 34:02 | Build | Farm |
| 34:02 | Build | Farm |
| 34:02 | Build | Farm |
| 34:02 | Build | Farm |
| 34:02 | Build | Farm |
| 34:02 | Build | Farm |
| 34:02 | Build | Farm |
| 34:02 | Build | Farm |
| 34:02 | Build | Farm |
| 34:02 | Build | Farm |
Build order — Zrrrg
First 150 of 494 actions detected
| 0:03 | Create | Villager (Male) |
| 0:03 | Create | Villager (Male) |
| 0:05 | Build | House |
| 0:07 | Build | House |
| 0:47 | Create | Villager (Male) |
| 1:04 | Create | Villager (Male) |
| 1:30 | Create | Villager (Male) |
| 1:50 | Build | Lumber Camp |
| 2:11 | Create | Villager (Male) |
| 2:16 | Build | House |
| 2:41 | Create | Villager (Male) |
| 3:15 | Create | Villager (Male) |
| 3:35 | Create | Villager (Male) |
| 3:54 | Research | Loom |
| 4:32 | Create | Villager (Male) |
| 4:39 | Build | Mill |
| 4:42 | Create | Villager (Male) |
| 5:03 | Create | Villager (Male) |
| 5:36 | Build | House |
| 5:55 | Create | Villager (Male) |
| 6:06 | Create | Villager (Male) |
| 6:47 | Create | Villager (Male) |
| 6:59 | Create | Villager (Male) |
| 7:41 | Create | Villager (Male) |
| 8:03 | Create | Villager (Male) |
| 8:26 | Build | Dock |
| 8:39 | Create | Villager (Male) |
| 8:58 | Build | House |
| 9:11 | Create | Villager (Male) |
| 9:27 | Build | Mill |
| 9:43 | Research | Feudal Age |
| 10:15 | Build | Lumber Camp |
| 10:32 | Create | Fishing Ship |
| 10:53 | Create | Fishing Ship |
| 11:08 | Build | Barracks |
| 11:49 | Build | House |
| 11:53 | Age | Feudal Age |
| 12:09 | Build | Market |
| 12:32 | Create | Villager (Male) |
| 12:32 | Create | Villager (Male) |
| 12:43 | Build | Blacksmith |
| 13:01 | Research | Double-Bit Axe |
| 13:14 | Create | Fire Galley |
| 13:28 | Create | Villager (Male) |
| 13:39 | Build | Mining Camp |
| 13:44 | Create | Villager (Male) |
| 14:01 | Research | Horse Collar |
| 14:14 | Create | Fishing Ship |
| 14:27 | Create | Villager (Male) |
| 14:38 | Build | Farm |
| 15:03 | Create | Fishing Ship |
| 15:06 | Create | Villager (Male) |
| 15:13 | Build | Farm |
| 15:30 | Build | Farm |
| 15:33 | Create | Villager (Male) |
| 15:40 | Research | Wheelbarrow |
| 15:45 | Build | House |
| 15:46 | Build | House |
| 15:48 | Build | House |
| 15:50 | Build | House |
| 16:16 | Research | Castle Age |
| 16:50 | Create | Galley |
| 16:58 | Build | Dock |
| 17:22 | Build | Farm |
| 17:41 | Research | Man-at-Arms (upgrade) |
| 17:43 | Research | Arson |
| 18:00 | Build | Barracks |
| 18:20 | Create | Villager (Male) |
| 18:24 | Create | Militia |
| 18:24 | Create | Militia |
| 18:24 | Create | Militia |
| 18:40 | Build | Dock |
| 18:57 | Create | Fire Galley |
| 18:59 | Create | Galley |
| 19:09 | Create | Militia |
| 19:10 | Create | Militia |
| 19:16 | Create | Villager (Male) |
| 19:20 | Age | Castle Age |
| 19:34 | Create | Militia |
| 19:52 | Build | Town Center |
| 20:10 | Create | Villager (Male) |
| 20:37 | Build | Monastery |
| 21:02 | Create | Monk |
| 21:04 | Create | Villager (Male) |
| 21:04 | Create | Villager (Male) |
| 21:07 | Research | Gold Mining |
| 21:34 | Create | Villager (Male) |
| 21:34 | Create | Villager (Male) |
| 21:42 | Build | Farm |
| 21:43 | Build | Farm |
| 21:59 | Create | Militia |
| 22:09 | Create | Villager (Male) |
| 22:11 | Build | Farm |
| 22:30 | Create | Fishing Ship |
| 22:30 | Create | Fishing Ship |
| 22:35 | Create | Fire Galley |
| 22:35 | Create | Fire Galley |
| 22:47 | Create | Villager (Male) |
| 22:47 | Create | Villager (Male) |
| 22:51 | Build | Farm |
| 22:51 | Build | Farm |
| 23:13 | Create | Militia |
| 23:13 | Create | Militia |
| 23:40 | Create | Villager (Male) |
| 23:40 | Create | Villager (Male) |
| 23:43 | Build | Farm |
| 23:43 | Build | Farm |
| 24:15 | Create | Villager (Male) |
| 24:15 | Create | Villager (Male) |
| 24:20 | Build | Farm |
| 24:24 | Create | Villager (Male) |
| 24:24 | Create | Villager (Male) |
| 24:24 | Create | Villager (Male) |
| 24:31 | Build | House |
| 24:31 | Build | House |
| 24:32 | Build | House |
| 24:32 | Build | House |
| 24:32 | Build | House |
| 24:33 | Build | House |
| 24:33 | Build | House |
| 24:33 | Build | House |
| 24:33 | Build | House |
| 24:45 | Research | Hand Cart |
| 25:02 | Create | Fishing Ship |
| 26:13 | Create | Fire Galley |
| 26:13 | Create | Fire Galley |
| 26:49 | Build | Dock |
| 27:33 | Create | Monk |
| 27:50 | Build | Archery Range |
| 27:51 | Build | Archery Range |
| 27:55 | Research | Pikeman (upgrade) |
| 28:02 | Research | Gambesons |
| 28:03 | Research | Squires |
| 28:06 | Research | Forging |
| 28:08 | Research | Fletching |
| 28:09 | Research | Scale Mail Armor |
| 28:17 | Create | Galley |
| 28:18 | Create | Galley |
| 28:34 | Create | Villager (Male) |
| 28:34 | Create | Villager (Male) |
| 28:35 | Create | Villager (Male) |
| 28:44 | Create | Villager (Male) |
| 28:44 | Create | Villager (Male) |
| 28:48 | Build | Farm |
| 28:48 | Build | Farm |
| 28:48 | Build | Farm |
| 28:48 | Build | Farm |
| 28:58 | Create | Fishing Ship |
| 28:59 | Create | Fishing Ship |
| 29:27 | Create | Villager (Male) |
Match timeline
| 4:55 | BJL · first_building Dock |
| 6:50 | danny dillinger · first_building Dock |
| 7:28 | airmattj · first_building Dock |
| 7:32 | Op♣ · first_building Dock |
| 7:54 | Bromenelli · first_building Dock |
| 8:26 | Zrrrg · first_building Dock |
| 9:12 | Bromenelli · first_building Barracks |
| 11:08 | Zrrrg · first_building Barracks |
| 11:13 | DogzBallzRStar · first_building Dock |
| 11:21 | ManuxD · first_building Barracks |
| 11:32 | danny dillinger · age_up feudal |
| 11:53 | Zrrrg · age_up feudal |
| 12:24 | ManuxD · age_up feudal |
| 12:38 | Op♣ · age_up feudal |
| 13:01 | BJL · age_up feudal |
| 13:49 | airmattj · age_up feudal |
| 14:13 | Bromenelli · age_up feudal |
| 14:30 | Op♣ · first_building Barracks |
| 14:53 | danny dillinger · first_building Barracks |
| 15:32 | ManuxD · wall_segment Palisade Wall x1 |
| 15:59 | Bromenelli · first_building Archery Range |
| 16:22 | DogzBallzRStar · first_building Barracks |
| 16:47 | Op♣ · wall_segment Palisade Wall x1 |
| 17:13 | Op♣ · wall_segment Stone Wall x7 |
| 17:41 | Op♣ · wall_segment Stone Wall x6 |
| 17:41 | ManuxD · wall_segment Palisade Wall x1 |
| 17:46 | airmattj · first_building Barracks |
| 17:54 | Op♣ · first_market_sell 100 wood |
| 17:57 | Op♣ · first_market_buy 100 food |
| 17:58 | DogzBallzRStar · first_building Archery Range |
| 18:04 | ManuxD · first_building Archery Range |
| 18:09 | Bromenelli · wall_segment Palisade Wall x9 |
| 18:21 | airmattj · wall_segment Stone Wall x14 |
| 18:23 | Bromenelli · wall_segment Palisade Wall x8 |
| 18:23 | Bromenelli · wall_segment Palisade Wall x1 |
| 18:30 | airmattj · wall_segment Stone Wall x8 |
| 18:32 | BJL · first_market_sell 100 food |
| 18:33 | Op♣ · wall_segment Stone Wall x1 |
| 18:38 | airmattj · wall_segment Stone Wall x6 |
| 18:45 | airmattj · wall_segment Stone Wall x14 |
| 18:54 | airmattj · wall_segment Stone Wall x12 |
| 19:01 | airmattj · wall_segment Stone Wall x5 |
| 19:08 | airmattj · wall_segment Stone Wall x6 |
| 19:20 | Zrrrg · age_up castle |
| 19:29 | BJL · first_building Barracks |
| 19:29 | airmattj · first_building Archery Range |
| 19:45 | airmattj · first_building Stable |
| 20:08 | danny dillinger · first_market_buy 100 food |
| 20:16 | danny dillinger · first_market_sell 100 wood |
| 20:37 | airmattj · age_up castle |
| 20:37 | Zrrrg · first_building Monastery |
| 21:30 | BJL · age_up castle |
| 21:35 | Bromenelli · age_up castle |
| 21:38 | Op♣ · age_up castle |
| 21:49 | DogzBallzRStar · first_building Stable |
| 21:57 | danny dillinger · first_building Stable |
| 22:13 | ManuxD · age_up castle |
| 22:16 | Bromenelli · first_building Monastery |
| 22:25 | ManuxD · first_building Castle |
| 22:46 | ManuxD · first_building Monastery |
| 22:58 | ManuxD · wall_segment Palisade Wall x1 |
| 24:16 | danny dillinger · age_up castle |
| 25:10 | danny dillinger · first_building Castle |
| 25:27 | danny dillinger · first_building Monastery |
| 26:05 | Op♣ · first_building Castle |
| 27:30 | ManuxD · age_up imperial |
| 27:43 | BJL · first_market_buy 100 food |
| 27:50 | Zrrrg · first_building Archery Range |
| 28:13 | BJL · first_building Monastery |
| 28:16 | DogzBallzRStar · first_building Siege Workshop |
| 28:21 | ManuxD · first_building Dock |
| 31:57 | BJL · age_up imperial |
| 32:14 | danny dillinger · resign |
| 33:55 | DogzBallzRStar · first_building Castle |
| 34:26 | airmattj · first_building Castle |
| 37:01 | Op♣ · age_up imperial |
| 37:26 | BJL · first_building Castle |
| 37:26 | airmattj · first_market_buy 100 food |
| 38:08 | Zrrrg · first_building Castle |
| 39:45 | Zrrrg · first_building Stable |
| 40:13 | Bromenelli · age_up imperial |
| 40:48 | airmattj · age_up imperial |
| 41:33 | Bromenelli · first_building Castle |
| 42:48 | BJL · first_building Siege Workshop |
| 43:45 | Zrrrg · age_up imperial |
| 44:15 | ManuxD · first_building Siege Workshop |
| 46:08 | BJL · first_building Stable |
| 48:26 | Op♣ · first_building Stable |
| 51:10 | Zrrrg · first_building Siege Workshop |
| 59:26 | DogzBallzRStar · first_building Monastery |
[ AI ANALYSIS · 1 CREDIT ]
What really happened in this match?
Wolo.gg analyzes every decision: build order, eco, micro, common mistakes by bracket. Personalized analysis on WhatsApp or Discord in 30 seconds.
Civ guide
Vikings
Perfil
Jugador #3940176